 Dungeon Crawl Stone Soup version 0.20.0-15-g7f486f2 (webtiles) character file.

49 sagitran the Poker (level 3, 0/27 HPs)
             Began as a Demonspawn Gladiator on June 19, 2017.
             Killed from afar by Natasha (8 damage)
             ... with a magic dart
             ... on level 3 of the Dungeon.
             The game lasted 00:11:11 (1440 turns).

sagitran the Poker (Demonspawn Gladiator)           Turns: 1440, Time: 00:11:12

Health: 0/27       AC:  3    Str: 14    XL:     3   Next: 53%
Magic:  3/3        EV: 13    Int:  9    God:
Gold:   148        SH:  0    Dex: 15    Spells: 2/2 levels left

rFire    . . .     SeeInvis .   a - +0 trident
rCold    . . .     Gourm    .   (no shield)
rNeg     . . .     Faith    .   b - +0 leather armour
rPois    .         Spirit   .   (helmet restricted)
rElec    .         Reflect  .   (no cloak)
rCorr    .         Harm     .   (no gloves)
MR       .....                  (no boots)
Stlth    +.........             (no amulet)
Regen    0.1/turn               (no ring)
MPRegen  0.1/turn               (no ring)

@: no status effects
A: horns 1, powered by death 1
a: no special abilities


You were on level 3 of the Dungeon.
You were not hungry.

You visited 1 branch of the dungeon, and saw 3 of its levels.

You collected 148 gold pieces.

Inventory:

Hand Weapons
 a - a +0 trident (weapon)
Armour
 b - a +0 leather armour (worn)
Scrolls
 h - a scroll of remove curse {unknown}
 i - a scroll of magic mapping
 j - a scroll of fear {unknown}
Potions
 c - a potion of magic {unknown}
 e - a potion of flight {unknown}
 g - 2 potions of berserk rage
 k - a potion of resistance {unknown}
Comestibles
 f - 2 bread rations
 l - a royal jelly


   Skills:
 + Level 2.0 Fighting
 + Level 3.2 Polearms
 + Level 2.1 Throwing
 + Level 0.6 Armour
 + Level 3.1 Dodging
 + Level 0.6 Stealth


You had 2 spell levels left.
You didn't know any spells.

Dungeon Overview and Level Annotations

Branches:
Dungeon (3/15)

Altars:

Annotations:
D:3 Natasha


Innate Abilities, Weirdness & Mutations

You have a pair of small horns on your head.
You regenerate a little health from kills.


Message History

* * * LOW HITPOINT WARNING * * *
You closely miss Natasha. Your headbutt misses Natasha.
Natasha is moderately wounded.
Natasha claws you but does no damage. Natasha misses you.
Throwing (i - inventory):
d - a throwing net (quivered)
Press: ? - help, Shift-Dir - straight line, f - Natasha
Aim: Natasha (moderately wounded)
You throw a throwing net.
The throwing net closely misses Natasha.
Natasha barely misses you.
Natasha mumbles some strange words.
Attack whom?
Press: ? - help, Dir - move target cursor, f/p - Natasha
Aim: Natasha (moderately wounded)
You reach to attack!
You hit Natasha.
Natasha is heavily wounded.
Natasha stares at you and mumbles some strange words.
The magic dart hits you!
You die...

##........#
..........#
.........# .
###.......# ..
..........##...
######...........
#............#
#(.<.555h.@..# #.
#.....###.#### #.
#.....###.# #.
#.........# #.
#.........# # #.
#.........#
##.#.##.........#
........<.......#
.......?.######.#


You could see Natasha, 2 crimson imps and a white imp.

Vanquished Creatures
  An adder (D:2)
  A worm (D:2)
  2 dart slugs (D:1)
  A leopard gecko (D:1)
  A ball python (D:1)
  3 giant cockroaches
  8 hobgoblins (D:1)
  7 bats
  A frilled lizard (D:1)
  2 goblins
  2 kobolds (D:1)
  2 rats (D:1)
31 creatures vanquished.

Notes
Turn   | Place    | Note
-------+----------+-------------------------------------------
     0 | D:1      | sagitran the Demonspawn Gladiator began the quest for the Orb.
     0 | D:1      | Reached XP level 1. HP: 16/16 MP: 1/1
   243 | D:1      | Gained mutation: You regenerate a little health from kills. [demonic ancestry]
   243 | D:1      | Reached XP level 2. HP: 10/22 MP: 2/2
   927 | D:1      | Gained mutation: You have a pair of small horns on your head. [demonic ancestry]
   927 | D:1      | Reached XP level 3. HP: 27/27 MP: 3/3
  1420 | D:3      | Noticed Natasha
  1440 | D:3      | Killed from afar by Natasha

Skill      XL: |  1  2 |
---------------+-------+-----
Dodging        | 3 |  3.1
Polearms       | 3 |  3.2
Throwing       | 2 |  2.1
Fighting       | |  2.0
Armour         | |  0.6
Stealth        | |  0.6

Action                   || total
-------------------------++-------
Melee: Trident           ||   120
       Headbutt          ||     3
Throw: Throwing net      ||     5
  Use: Scroll            ||     6
 Stab: Sleeping          ||     2
       Held in net/web   ||     1
  Eat: Royal jelly       ||     1
Armor: Leather armour    ||    39
Dodge: Dodged            ||    96
